cohdb
Replays
Latest Replays
All Replays
Popular Replays
Top Player Replays
Match Explorer
How It Works
Community
CoH3 Stats
Reddit
Sign in to upload your games and track your stats! →
Sign in with Steam
Match 43652357
Unlisted
Match 43652357
Overview
Messages
Build Orders
End
Panzergrenadier Squad
Selects Armored Support Battlegroup
250 Light Carrier
Panzerpioneer Squad
Construct Light Support Kompanie
Panzerjäger Squad
Combat Half-tracks
Construct Mechanized Kompanie
Marder III Tank Destroyer
Support Armor Elements
Selects Veteran Gunners
le.IG 18 Support Gun Team
Emergency Repair Kits
StuG III D Assault Gun
Assault Grenadier Squad
Panzergrenadier Squad
Selects Flammpanzer III Medium Tank
Flammpanzer III Medium Tank
Lucky Luke
Rohan
RED
logUser
XuZhongwei
Emanon
< blank >
Yume
0
0
Comments
sign in to comment!
No comments posted yet!